[Event "Late-Titled-Tuesday-Blitz-February-27-2024"]
[Site "Chess.com"]
[Date "2024.02.27"]
[Round "2"]
[White "TimGrutter03"]
[Black "jefferyx"]
[Result "0-1"]
[WhiteElo "2633"]
[BlackElo "3075"]
[TimeControl "180+1"]
[EndTime "14:17:17 PST"]
[Termination "jefferyx won by resignation"]

1. Nf3 c5 2. e4 d6 3. Nc3 Nf6 4. d4 cxd4 5. Nxd4 a6 6. h4 b5 7. a4 b4 8. Nd5 Bb7 9. Nxf6+ gxf6 10. Bd3 d5 11. exd5 Qxd5 12. Nf3 Rg8 13. Bf1 Qe4+ 14.
Be3 Nd7 15. Qd4 Qxd4 16. Nxd4 e6 17. O-O-O O-O-O 18. Nb3 Be7 19. f3 Kc7 20. Na5 Bd5 21.
Rd2 Bc5 22. Bxc5 Nxc5 23. b3 f5 24. h5 Kb6 25. Nc4+ Bxc4 26. Rxd8 Rxd8 27. Bxc4 Rg8 28.
Rh2 Rg5 29. Kd2 f4 30. Ke2 Kc7 31. Kf2 Kd6 32. Rh1 Ke5 33. Rd1 Rxh5 34. Rd8 Rh1 35.
Rc8 Kd4 36. Rd8+ Ke5 37. Rc8 Kd6 38. Rd8+ Kc7 39. Rf8 f5 40. Rf7+ Kd6 41. Rf8 Rc1 42. Rb8 Rxc2+ 43. Kg1 a5 44. Rb5 Nxa4 45. Rxa5 Nc5 46.
Rb5 e5 47. Rxb4 e4 48. Rb6+ Ke5 49. Rb8 Kd4 50. Re8 Nd3 51. Bxd3 exd3 52. Rd8+ Kc3 53. b4 d2 54. b5 Rc1+ 0-1

[Event "Late-Titled-Tuesday-Blitz-February-27-2024"]
[Site "Chess.com"]
[Date "2024.02.27"]
[Round "2"]
[White "alexrustemov"]
[Black "Lady_Nika"]
[Result "0-1"]
[WhiteElo "2802"]
[BlackElo "2564"]
[TimeControl "180+1"]
[EndTime "14:17:18 PST"]
[Termination "Lady_Nika won on time"]

1. d4 d5 2. c4 e6 3. Nc3 f5 4. Bf4 Nf6 5. e3 c6 6. Nf3 Bd6 7.
Bd3 O-O 8. Qc2 Ne4 9. g4 Bxf4 10.
exf4 fxg4 11. Ne5 Nd7 12. Nxe4 Nxe5 13. dxe5 dxe4 14. Bxe4 h6 15. Rd1 Qa5+ 16. Qd2 Qxa2 17. O-O Qxc4 18. Rfe1 a5 19. Kg2 b6 20. Kg3 Bb7 21.
Bb1 Rad8 22. Qxd8 Qxf4+ 23. Kg2 c5+ 24. Be4 Bxe4+ 25. Rxe4 Qxe4+ 26. Kg1 Rxd8 27. Rxd8+ Kh7 28. Rd6 Qxe5 29. Rxb6 c4 30. Kg2 a4 31. Kg1 c3 32. bxc3 a3 33. Rb3 a2 34. Ra3 Qe1+ 35. Kg2 a1=Q 36. Rxa1 Qxa1 37. Kg3 Qxc3+ 38. Kxg4 Qd4+ 39.
Kg3 g5 40. f3 Kg6 41. Kg2 h5 42. Kg3 Qg1+ 43. Kh3 g4+ 0-1

[Event "Late-Titled-Tuesday-Blitz-February-27-2024"]
[Site "Chess.com"]
[Date "2024.02.27"]
[Round "2"]
[White "Dhaydon19"]
[Black "guillembaches"]
[Result "1-0"]
[WhiteElo "2757"]
[BlackElo "2531"]
[TimeControl "180+1"]
[EndTime "14:17:18 PST"]
[Termination "Dhaydon19 won on time"]

1. d4 d5 2. c4 e6 3. Nf3 a6 4. cxd5 exd5 5. g3 Nf6 6. Bg2 Bd6 7. Nc3 c6 8. O-O O-O 9. Bf4 Bxf4 10. gxf4 Nbd7 11.
e3 Re8 12. Ne5 Nf8 13. Rc1 N6d7 14. Qb3 Nxe5 15. dxe5 Ng6 16. Ne2 Nh4 17. Ng3 Nxg2 18. Kxg2 h5 19. Nxh5 Qh4 20. Ng3 Bh3+ 21. Kh1 Bxf1 22.
Rxf1 Re6 23. Rg1 Rh6 24. Rg2 Qg4 25. Kg1 b5 26. Qc3 Qd1+ 27. Nf1 Rg6 28. Rxg6 fxg6 29. Qxc6 Rf8 30. Qxg6 d4 31. Qe6+ Kh8 32. Qh3+ Kg8 33.
Qe6+ Kh8 34. Qd5 d3 35. e6 Rf6 36. Kg2 d2 37. e7 Qg4+ 38. Ng3 d1=Q 39. e8=Q+ Kh7 40.
Qeg8+ Kh6 41. Qh8+ Kg6 42. f5+ Rxf5 43. Qxd1 Qxd1 44.
Nxf5 Kxf5 45. Qh3+ 1-0

[Event "Late-Titled-Tuesday-Blitz-February-27-2024"]
[Site "Chess.com"]
[Date "2024.02.27"]
[Round "2"]
[White "dawid498"]
[Black "SilverSwords13"]
[Result "1-0"]
[WhiteElo "2711"]
[BlackElo "2458"]
[TimeControl "180+1"]
[EndTime "14:17:18 PST"]
[Termination "dawid498 won by resignation"]

1. e4 c5 2. Nf3 e6 3. d4 cxd4 4.
Nxd4 Nc6 5. Nc3 Qc7 6. Qd3 Nf6 7. Ndb5 Qb8 8. Qg3 Qxg3 9. hxg3 Kd8 10. Bf4 e5 11. Bg5 a6 12. Na3 b5 13. Nd5 Be7 14.
Nxe7 Nxe7 15. f3 Bb7 16. c4 b4 17. Nc2 a5 18. O-O-O Kc7 19. Be2 d6 20. Rd2 Rad8 21.
Ne3 Rd7 22. Bxf6 gxf6 23. Rh6 Ng8 24. Rh5 Rd8 25. Bd1 Ne7 26. Ba4 Rdg8 27. Ng4 Bxe4 28.
Nxf6 Bg6 29. Nxg8 Bxh5 30. Nxe7 Bg6 31. Nd5+ Kc8 32. Bc2 Bxc2 33. Kxc2 Kd7 34. g4 h5 35. gxh5 Rxh5 36. Nf6+ Ke6 37. Nxh5 1-0

[Event "Late-Titled-Tuesday-Blitz-February-27-2024"]
[Site "Chess.com"]
[Date "2024.02.27"]
[Round "2"]
[White "HansOnTwitch"]
[Black "sotochess"]
[Result "1-0"]
[WhiteElo "3087"]
[BlackElo "2638"]
[TimeControl "180+1"]
[EndTime "14:17:19 PST"]
[Termination "HansOnTwitch won by resignation"]

1. e4 d5 2. exd5 Qxd5 3. Nc3 Qa5 4. d4 c6 5. Nf3 Bg4 6. h3 Bh5 7. g4 Bg6 8. Ne5 Nf6 9. h4 Nbd7 10. Nc4 Qc7 11. h5 Be4 12. Nxe4 Nxe4 13. Bg2 Nd6 14. Bf4 O-O-O 15. Qe2 Nb6 16. Nxb6+ Qxb6 17. O-O-O e6 18.
c4 Qa6 19. b3 Ne8 20. Qc2 Bd6 21.
Be3 Nf6 22. Bf3 Kb8 23. g5 Nd7 24. Kb1 Qa5 25. h6 g6 26. Be2 Rhe8 27. c5 Bf8 28.
f4 f6 29. Bg4 Qc7 30. Rhe1 e5 31. dxe5 fxe5 32. f5 e4 33. f6 Ne5 34. Rxd8+ Rxd8 35. Qxe4 Nxg4 36. Qxg4 Ka8 37. Rd1 Re8 38. Qf4 Qxf4 39.
Bxf4 Bxc5 40. Rd7 Rh8 41. Be5 1-0

[Event "Late-Titled-Tuesday-Blitz-February-27-2024"]
[Site "Chess.com"]
[Date "2024.02.27"]
[Round "2"]
[White "krucki03"]
[Black "ameetghasi100"]
[Result "0-1"]
[WhiteElo "2528"]
[BlackElo "2752"]
[TimeControl "180+1"]
[EndTime "14:17:20 PST"]
[Termination "ameetghasi100 won on time"]

1. d4 d6 2. Nf3 g6 3. e4 Bg7 4.
Nc3 a6 5. Be3 e6 6. Bd3 h6 7.
Qd2 Nd7 8. h4 b5 9. a4 b4 10.
Ne2 c5 11. c3 bxc3 12. bxc3 Ngf6 13. Rb1 Qc7 14. O-O Bb7 15. Ng3 Ng4 16. Bf4 e5 17.
Be3 h5 18. Bg5 O-O 19. Rfc1 Bc6 20. Qa2 Ndf6 21. a5 Rfb8 22. Rxb8+ Rxb8 23. d5 Bb5 24. c4 Bd7 25. Rb1 Rxb1+ 26. Qxb1 Qxa5 27. Qb8+ Kh7 28. Qxd6 Qa1+ 29. Bf1 a5 30. Bd2 a4 31. Ng5+ Kg8 32.
Qe7 Be8 33. Qxc5 a3 34. Qa5 a2 35. Bc3 Qb1 36. c5 Qc2 37. Nh3 Bf8 38. c6 Bd6 39.
Ne2 Nxe4 40. f3 Nxc3 41. Nxc3 Bc5+ 42. Kh1 Qc1 0-1

[Event "Late-Titled-Tuesday-Blitz-February-27-2024"]
[Site "Chess.com"]
[Date "2024.02.27"]
[Round "2"]
[White "Caisachess"]
[Black "Boorchess"]
[Result "1/2-1/2"]
[WhiteElo "2346"]
[BlackElo "2534"]
[TimeControl "180+1"]
[EndTime "14:17:20 PST"]
[Termination "Game drawn by repetition"]

1. e4 Nf6 2. Nc3 e5 3. f4 d5 4. fxe5 Nxe4 5. Qf3 Nxc3 6. bxc3 Be6 7. d4 c5 8. Bd3 Nc6 9. Bd2 cxd4 10. Qg3 dxc3 11.
Bxc3 Bb4 12. Bxb4 Nxb4 13. Qxg7 Nxd3+ 14. cxd3 Qh4+ 15. Ke2 O-O-O 16. Nf3 Qa4 17. Rhc1+ Kb8 18. Qh6 Rhg8 19. Kf2 Bg4 20. Qe3 Bxf3 21. Qxf3 Qd4+ 22. Kf1 Qxe5 23. Kg1 Rd7 24. Rab1 Qd4+ 25. Kh1 Qg4 26. Qf2 b6 27. h3 Qg3 28. Qf1 Re7 29. Rb2 Rge8 30.
Rf2 Qg7 31. Rf5 Rd8 32. Qf4+ Ka8 33. Rf1 Qb2 34. Rxf7 Rxf7 35. Qxf7 Qxa2 36. Qc7 Rg8 37. Qc6+ Kb8 38. Qd6+ Ka8 39. Qc6+ Kb8 40. Qd6+ Ka8 41. Qc6+ 1/2-1/2

[Event "Late-Titled-Tuesday-Blitz-February-27-2024"]
[Site "Chess.com"]
[Date "2024.02.27"]
[Round "2"]
[White "egnfanclub"]
[Black "Mikhail_Bryakin"]
[Result "1-0"]
[WhiteElo "2407"]
[BlackElo "2725"]
[TimeControl "180+1"]
[EndTime "14:17:22 PST"]
[Termination "egnfanclub won by resignation"]

1. e4 e6 2. d4 d5 3. Nc3 Be7 4. Nf3 dxe4 5. Nxe4 Nf6 6. Bd3 Nbd7 7. Qe2 Nxe4 8. Bxe4 Nf6 9. Bxb7 Bxb7 10. Qb5+ Qd7 11.
Qxb7 O-O 12. c3 Rfb8 13. Qa6 c5 14. O-O Rb6 15. Qe2 Qd5 16. Qe5 cxd4 17. Qxd5 Nxd5 18. Nxd4 Bf6 19. Rd1 Rc8 20. Nf3 h6 21. Kf1 Rb7 22.
Ke2 Bxc3 23. bxc3 Nxc3+ 24. Ke1 Nxd1 25. Kxd1 f6 26. Be3 e5 27. Nd2 Kf7 28. Rc1 Rxc1+ 29.
Kxc1 f5 30. g3 Ke6 31. Kc2 Kd5 32. Nb3 Rc7+ 33. Kd3 g5 34. f3 e4+ 35. fxe4+ fxe4+ 36. Kd2 Rc6 37. a4 Rc4 38. a5 a6 39. Bb6 Ra4 40. Nc5 Ra2+ 41. Ke3 Ra3+ 42. Kd2 Ra2+ 43. Ke3 Rxh2 44. Nxe4 Kc6 45. Kf3 Rb2 46. Nc5 Kb5 47.
Ne6 Rb4 48. Nd4+ Ka4 49. Kg4 Rb1 50. Kh5 Rh1+ 51. Kg6 Rh3 52. Nf5 g4 53. Bc7 h5 54.
Kg5 Rh1 55. Ng7 h4 56. gxh4 Rg1 57. Nf5 Rc1 58. Bb6 Rg1 59. h5 g3 60. Bxg1 1-0

[Event "Late-Titled-Tuesday-Blitz-February-27-2024"]
[Site "Chess.com"]
[Date "2024.02.27"]
[Round "2"]
[White "IamSchrodingersCat"]
[Black "Firouzja2003"]
[Result "0-1"]
[WhiteElo "2630"]
[BlackElo "3064"]
[TimeControl "180+1"]
[EndTime "14:17:23 PST"]
[Termination "Firouzja2003 won on time"]

1. e4 e5 2. Nf3 Nc6 3. Bb5 a6 4. Ba4 Bc5 5. c3 Nge7 6. O-O Ng6 7. d4 Ba7 8. Bg5 f6 9. Be3 O-O 10. Re1 d6 11. Nbd2 b5 12. Bb3+ Kh8 13. h3 Bd7 14.
Nf1 Na5 15. Bc2 Nc4 16. Bc1 c5 17. Ng3 cxd4 18. cxd4 exd4 19. b3 Nce5 20. Nxd4 Bxh3 21. Ngf5 Bg4 22. f3 Bxf5 23. exf5 Ne7 24. Kh1 Qe8 25. f4 Bxd4 26. Qxd4 Qh5+ 27. Kg1 Ng4 28. Rxe7 Rae8 29. Re6 Rc8 30. Bd3 Qh2+ 31. Kf1 Qg3 32.
Bd2 Nh2+ 33. Ke2 Qxg2+ 34. Kd1 Ng4 35. Re2 Qf3 36. Be1 Rfe8 37. Kd2 h5 38. Rxe8+ Rxe8 39. Rc1 Qg2+ 40. Kc3 Rc8+ 41. Kb4 Rxc1 42. Qxd6 Rxe1 43. a4 Qd2+ 44. Kc5 Qe3+ 45. Kb4 Qe7 0-1

[Event "Late-Titled-Tuesday-Blitz-February-27-2024"]
[Site "Chess.com"]
[Date "2024.02.27"]
[Round "2"]
[White "temus_galaktionov"]
[Black "laziestwin"]
[Result "1-0"]
[WhiteElo "2911"]
[BlackElo "2590"]
[TimeControl "180+1"]
[EndTime "14:17:25 PST"]
[Termination "temus_galaktionov won by resignation"]

1. d4 Nf6 2. Nf3 d5 3. c4 e6 4. Nc3 dxc4 5. e3 b5 6. Nxb5 c5 7. Bxc4 Bb7 8. dxc5 Qa5+ 9. Bd2 Qd8 10. Bc3 Nbd7 11. b4 Ne4 12. Bb2 a5 13. a3 axb4 14. axb4 Rxa1 15. Qxa1 Bc6 16. O-O Qb8 17. Nfd4 Ne5 18.
Nxc6 Nxc6 19. Qa4 Ke7 20. Rd1 f5 21. f3 Nf6 22. Rd6 Nd8 23. Nd4 Kf7 24. Rb6 Qe5 25.
Qb3 Bxc5 26. bxc5 Qxc5 27. Nxe6 Nxe6 28. Bxe6+ Kg6 29. Rb5 Qd6 30. Bxf5+ Kh6 31. Bc1 Rd8 32. Bc2 g6 33. e4+ Kg7 34. Bb2 Qd2 35. Qc3 Qxc3 36.
Bxc3 Rc8 37. Rb7+ Kh6 38. Bxf6 Rxc2 39. h4 g5 40. Bxg5+ Kg6 41. Rb6+ Kg7 42. h5 Rc5 43. Bf4 Rxh5 44. g4 Rc5 45. Kg2 Rc3 46. Be5+ Kf7 47.
Bxc3 h5 48. gxh5 Kg8 49. Rb7 Kf8 50. h6 Kg8 51. h7+ Kf8 52. Kg3 Ke8 53. Kg4 Kf8 54.
Ra7 Ke8 55. Bd4 Kd8 56. Kf5 Kc8 57. Ke6 Kb8 58. f4 Kc8 59. f5 Kb8 60. f6 Kc8 61.
e5 Kb8 62. Kd5 Kc8 63. e6 Kb8 64. Kc6 Kc8 65. e7 Kb8 66. f7 1-0

[Event "Late-Titled-Tuesday-Blitz-February-27-2024"]
[Site "Chess.com"]
[Date "2024.02.27"]
[Round "2"]
[White "Chemim21"]
[Black "KamilGrycel"]
[Result "0-1"]
[WhiteElo "2203"]
[BlackElo "2483"]
[TimeControl "180+1"]
[EndTime "14:17:25 PST"]
[Termination "KamilGrycel won on time"]

1. e4 d6 2. d4 Nf6 3. Nc3 c6 4. f4 Qb6 5. h3 e5 6. Nf3 Nbd7 7.
fxe5 dxe5 8. dxe5 Nh5 9. Bc4 Ng3 10. e6 fxe6 11. Rg1 Bc5 12. Rf1 Nxf1 13. Kxf1 Nf6 14. g4 O-O 15. Kg2 Bb4 16. Qe2 Kh8 17. Be3 Qc7 18. e5 Bxc3 19. bxc3 Nd5 20. Bd3 Nxe3+ 21. Qxe3 g6 22. Rf1 Qg7 23. h4 Bd7 24. Ng5 Rxf1 25.
Kxf1 Rf8+ 26. Kg2 c5 27. Nf3 Bc6 28. Be4 Qd7 29. Bxc6 Qxc6 30. Kg3 Qd5 31. Ng5 Qh1 32. Qxc5 Qe1+ 33. Kg2 Qe2+ 0-1

[Event "Late-Titled-Tuesday-Blitz-February-27-2024"]
[Site "Chess.com"]
[Date "2024.02.27"]
[Round "2"]
[White "1g60-1"]
[Black "Sjakkerntobi"]
[Result "1-0"]
[WhiteElo "2264"]
[BlackElo "2454"]
[TimeControl "180+1"]
[EndTime "14:17:28 PST"]
[Termination "1g60-1 won by resignation"]

1. e4 e6 2. d4 d5 3. Nd2 a6 4.
Ngf3 Nf6 5. e5 Nfd7 6. Bd3 c5 7. c3 Nc6 8. O-O g5 9. c4 g4 10. cxd5 exd5 11. e6 fxe6 12. Re1 Nf6 13. Ne5 Nxd4 14. Nxg4 Bd6 15. Nb3 Nxb3 16. axb3 h5 17. Bg6+ Kd7 18.
Ne5+ Kc7 19. Bg5 Rg8 20. Qd3 Be7 21. Nf7 Qd7 22. Bf4+ Kb6 23. Ne5 Qb5 24. Qc2 Nd7 25. Bd3 Qb4 26. Bd2 Nxe5 27. Bxb4 Nf3+ 28. Kh1 Nxe1 29. Bxe1 Bd7 30. Be2 Kc7 31. b4 c4 32.
b3 b5 33. bxc4 bxc4 34. Bc3 Bc6 35. Bf3 Rgf8 36. Be5+ Kd7 37. Qh7 Rf5 38. Bd4 Bb5 39. Bc5 Re8 40. Bxh5 Kc7 41. Bxe8 1-0

[Event "Late-Titled-Tuesday-Blitz-February-27-2024"]
[Site "Chess.com"]
[Date "2024.02.27"]
[Round "2"]
[White "MajorCoast"]
[Black "nindjaxx8"]
[Result "0-1"]
[WhiteElo "2225"]
[BlackElo "2675"]
[TimeControl "180+1"]
[EndTime "14:17:30 PST"]
[Termination "nindjaxx8 won on time"]

1. d4 d5 2. Bf4 Nf6 3. e3 e6 4. Bd3 Be7 5. c3 O-O 6. Nf3 b6 7. Nbd2 Bb7 8. O-O Nbd7 9. Ne5 c5 10. Bg5 Ne4 11. Bxe7 Qxe7 12. Nxd7 Qxd7 13. f3 Nxd2 14. Qxd2 cxd4 15. exd4 a6 16. Rfe1 b5 17. Re5 Rac8 18. Rh5 g6 19. Qh6 f5 20. Rg5 Rc6 21. h4 Qg7 22. Qxg7+ Kxg7 23. h5 Kf6 24. f4 Rb6 25. a3 a5 26. h6 b4 27. axb4 axb4 28. Ra7 bxc3 29. bxc3 Rc8 30. Ra3 Rbc6 31. Rb3 R8c7 32. Rg3 Rxc3 33. Rb6 R3c6 34. Rb3 Rc3 35. Rb6 Rc1+ 36.
Kf2 Bc8 37. Re3 Ra7 38. Bb5 Ra2+ 39. Kg3 Rb2 40. Rc6 Rxc6 41. Bxc6 Rd2 42. Rc3 Rxd4 43. Be8 Rc4 44. Ra3 g5 45. fxg5+ Kxg5 46. Ra7 Kxh6 47.
Re7 Kg5 48. Rg7+ Kf6 49. Rxh7 Rc3+ 0-1

[Event "Late-Titled-Tuesday-Blitz-February-27-2024"]
[Site "Chess.com"]
[Date "2024.02.27"]
[Round "2"]
[White "Bryanl106"]
[Black "SchmakAttack"]
[Result "1-0"]
[WhiteElo "2566"]
[BlackElo "2811"]
[TimeControl "180+1"]
[EndTime "14:17:31 PST"]
[Termination "Bryanl106 won by resignation"]

1. e4 e6 2. d4 d5 3. Nd2 c5 4.
exd5 Qxd5 5. dxc5 Nf6 6. Ngf3 Bxc5 7. Bc4 Qc6 8. Qe2 O-O 9. O-O a6 10. c3 b5 11. Bd3 Bb7 12. Nb3 Nbd7 13. Bg5 Be7 14.
Na5 Qc7 15. Nxb7 Qxb7 16. Rad1 Rad8 17. Bc2 Nc5 18. Be3 Na4 19. Bxa4 bxa4 20. Bd4 Nd5 21.
c4 Nb4 22. a3 Nc6 23. Bc3 Bf6 24.
Bxf6 gxf6 25. Qe4 f5 26. Qe2 Qb3 27. h4 h6 28. h5 Rfe8 29. Rfe1 Rxd1 30. Rxd1 Rd8 31.
Rxd8+ Nxd8 32. Ne5 Nb7 33. Qd2 Kg7 34. Qd7 Kf6 35. Nc6 Qxb2 36. Qe7+ Kg7 37. g3 Qb3 38. Ne5 Qd1+ 39. Kg2 Nd6 40. Nd7 Qd3 41. Qf8+ 1-0

[Event "Late-Titled-Tuesday-Blitz-February-27-2024"]
[Site "Chess.com"]
[Date "2024.02.27"]
[Round "2"]
[White "SEBAZZANO"]
[Black "HajiyevKanan"]
[Result "1-0"]
[WhiteElo "2316"]
[BlackElo "2502"]
[TimeControl "180+1"]
[EndTime "14:17:31 PST"]
[Termination "SEBAZZANO won by checkmate"]

1. d4 d5 2. Bf4 c5 3. e4 cxd4 4. Qxd4 Nc6 5. Qxd5 Qxd5 6. exd5 Nb4 7. Na3 Nxd5 8. Bb5+ Bd7 9. Bxd7+ Kxd7 10. O-O-O Kc6 11.
Bg3 e6 12. Nf3 Bxa3 13. Ne5+ Kc5 14. Nxf7 Bb4 15. Nxh8 Nh6 16. a3 Ba5 17. b4+ Bxb4 18. axb4+ Kxb4 19. Rhe1 Rxh8 20. Rxe6 Nc3 21. Rd7 b5 22. Rxa7 Nf5 23. Be5 Nd5 24. g4 Nh4 25. Bxg7 Rc8 26. Kb2 Nf3 27. c3+ Kc4 28. Re4+ Kc5 29.
Bd4+ Kc4 30. Be3+ Kd3 31. Re6 Nxc3 32. Rd7+ Kc4 33. Ree7 Na4+ 34. Ka3 b4+ 35. Kxa4 Ra8+ 36. Ra7 Rd8 37. Red7 Re8 38. Rac7# 1-0

[Event "Late-Titled-Tuesday-Blitz-February-27-2024"]
[Site "Chess.com"]
[Date "2024.02.27"]
[Round "2"]
[White "JonasGallasch"]
[Black "katharinareinecke"]
[Result "1-0"]
[WhiteElo "2429"]
[BlackElo "2010"]
[TimeControl "180+1"]
[EndTime "14:17:32 PST"]
[Termination "JonasGallasch won on time"]

1. d4 d5 2. c4 c6 3. Nf3 Nf6 4. e3 e6 5. Nc3 Be7 6. b3 O-O 7. Bd3 a6 8. O-O b5 9. Bb2 Nbd7 10.
Rc1 Bb7 11. Qe2 Qb6 12. e4 dxe4 13. Nxe4 Nxe4 14. Qxe4 Nf6 15. Qh4 h6 16. Ne5 bxc4 17.
Nxc4 Qd8 18. Qg3 c5 19. Rfd1 Nd5 20. dxc5 Bf6 21. Bxf6 Qxf6 22. Be4 Rfd8 23. Na5 Nc3 24. Rxd8+ Rxd8 25. Nxb7 Ne2+ 26. Kh1 Nxg3+ 27. hxg3 Rc8 28. Nd6 Qb2 29. Rc2 Qa1+ 30. Kh2 Rc7 31. b4 Qd4 32. Rc4 Qxf2 33. c6 f5 34. Bf3 Qf1 35. Rc5 Qa1 36.
Ne8 Rc8 37. Nd6 Rc7 38. b5 Qf6 39. b6 Rxc6 40. Rxc6 1-0

[Event "Late-Titled-Tuesday-Blitz-February-27-2024"]
[Site "Chess.com"]
[Date "2024.02.27"]
[Round "2"]
[White "Evgeny81"]
[Black "Perecke"]
[Result "1-0"]
[WhiteElo "2798"]
[BlackElo "2545"]
[TimeControl "180+1"]
[EndTime "14:17:33 PST"]
[Termination "Evgeny81 won by resignation"]

1. e4 c5 2. Nf3 e6 3. b3 Nc6 4. Bb2 d6 5. Bb5 Bd7 6. O-O Nf6 7. Re1 Be7 8. d4 cxd4 9. Nxd4 O-O 10. Bxc6 bxc6 11.
c4 d5 12. e5 Ne8 13. cxd5 cxd5 14. Nd2 Nc7 15. f4 Nb5 16. N2f3 Qb6 17. Kh1 Rac8 18. Qd3 Rc7 19. f5 Rfc8 20. f6 gxf6 21. exf6 Bxf6 22. Qe3 Nc3 23. Ne5 Ne4 24. Qf4 Bxe5 25. Qxe5 f6 26. Qh5 Rc2 27. Qg4+ Kh8 28. Rxe4 Rxb2 29. Ree1 Rg8 30.
Qh4 Rgxg2 31. Qxf6+ Kg8 32. Rg1 Rg6 33. Rxg6+ hxg6 34. Qxg6+ Kf8 35. Qf6+ Ke8 36. Rg1 Bb5 37. Nxe6 Rxh2+ 38. Kxh2 Qf2+ 39. Qxf2 1-0

[Event "Late-Titled-Tuesday-Blitz-February-27-2024"]
[Site "Chess.com"]
[Date "2024.02.27"]
[Round "2"]
[White "Kosak12"]
[Black "jamengrand"]
[Result "1-0"]
[WhiteElo "2794"]
[BlackElo "2395"]
[TimeControl "180+1"]
[EndTime "14:17:34 PST"]
[Termination "Kosak12 won by resignation"]

1. e4 e5 2. Nf3 Nc6 3. Bb5 a6 4. Ba4 Nf6 5. O-O Be7 6. Re1 b5 7. Bb3 Bb7 8. d3 d5 9. exd5 Nxd5 10. Nxe5 Nxe5 11. Rxe5 O-O 12. Qf3 c6 13. Nc3 Bd6 14. Re1 Nxc3 15. bxc3 Qc7 16. g3 c5 17. Bd5 Bxd5 18.
Qxd5 Rad8 19. Qf5 g6 20. Qf6 Rde8 21. Bh6 Be5 22. Rxe5 Qxe5 23. Qxe5 Rxe5 24. Bxf8 Kxf8 25. Kf1 Rh5 26. Kg2 Re5 27. Kf3 Ke7 28. a4 b4 29. d4 Rd5 30. cxb4 Rxd4 31. bxc5 Rc4 32. Rb1 Rxa4 33. Rb7+ Ke6 34. Ke3 Rc4 35. Kd3 Rxc5 36. Rb6+ Kf5 37. Rxa6 Kg4 38. Rf6 Rc7 39. h4 Rd7+ 40.
Kc3 Rc7+ 41. Kb3 Rb7+ 42. Ka4 Rc7 43. Rf4+ Kh3 44. c4 Kg2 45. Kb5 f5 46. c5 Kf1 47.
c6 Ke2 48. Kb6 Re7 49. c7 1-0

[Event "Late-Titled-Tuesday-Blitz-February-27-2024"]
[Site "Chess.com"]
[Date "2024.02.27"]
[Round "2"]
[White "ozates"]
[Black "AryanTari"]
[Result "1-0"]
[WhiteElo "2618"]
[BlackElo "2930"]
[TimeControl "180+1"]
[EndTime "14:17:35 PST"]
[Termination "ozates won on time"]

1. e4 c5 2. Nf3 d6 3. Bb5+ Bd7 4.
Bxd7+ Nxd7 5. O-O Ngf6 6. Qe2 e6 7. b3 Be7 8. Bb2 O-O 9. d4 cxd4 10. Nxd4 Re8 11.
c4 a6 12. Nc3 Bf8 13. Kh1 Qc7 14. f4 g6 15. Rad1 e5 16. fxe5 dxe5 17. Nf3 Bg7 18. Nd5 Nxd5 19. exd5 Qd6 20. Ng5 f5 21. Ne6 Bh8 22.
Rfe1 b6 23. Qd2 Nc5 24. Ba3 e4 25. Bxc5 bxc5 26. b4 cxb4 27. c5 Qb8 28. Qc2 Bc3 29.
Re3 Qe5 30. Qb3 f4 31. Re2 e3 32. Qc4 Rac8 33. Nxf4 Rf8 34. d6+ Kh8 35. d7 Rcd8 36.
Ne6 Qf6 37. Nxf8 Rxf8 38. Rxe3 Bd2 39. Rf3 1-0

[Event "Late-Titled-Tuesday-Blitz-February-27-2024"]
[Site "Chess.com"]
[Date "2024.02.27"]
[Round "2"]
[White "xakevicius91"]
[Black "Yaacovn"]
[Result "0-1"]
[WhiteElo "2558"]
[BlackElo "2839"]
[TimeControl "180+1"]
[EndTime "14:17:35 PST"]
[Termination "Yaacovn won on time"]

1. e4 c6 2. d4 d5 3. e5 Bf5 4. Nd2 e6 5. Nb3 Ne7 6. Nf3 Bg6 7. Be2 Nf5 8. a4 Na6 9. O-O Be7 10. c3 O-O 11. a5 Nc7 12. Ne1 f6 13. Nd3 Nb5 14.
Nbc5 Bxc5 15. Nxc5 Qe7 16. Nd3 Nh4 17. Bf4 Be4 18. f3 fxe5 19. Bxe5 Qg5 20. Bg3 Bxd3 21. Bxd3 Nf5 22. Bxf5 exf5 23. Be5 Rae8 24. Re1 a6 25.
Qd3 h6 26. c4 dxc4 27. Qxc4+ Kh7 28. Re2 Re7 29. Rae1 Rfe8 30. Qd3 Qg6 31. Kf2 Rd7 32. Qc4 Red8 33. Qb3 Qg5 34. Kg1 Qh5 35. Qb4 Qf7 36. Rd2 Rd5 37. Qc4 R8d7 38. Qc2 Qg6 39. Qc4 c5 40.
Red1 cxd4 41. Bxd4 Qd6 42. Be3 Qe6 0-1

[Event "Late-Titled-Tuesday-Blitz-February-27-2024"]
[Site "Chess.com"]
[Date "2024.02.27"]
[Round "2"]
[White "rychessmaster1"]
[Black "Mikayel99"]
[Result "0-1"]
[WhiteElo "2713"]
[BlackElo "2541"]
[TimeControl "180+1"]
[EndTime "14:17:37 PST"]
[Termination "Mikayel99 won by resignation"]

1. d4 Nf6 2. Nc3 d5 3. Bf4 c5 4. e4 Nxe4 5. Nxe4 dxe4 6. dxc5 Qxd1+ 7. Rxd1 Nc6 8. Bc4 Bg4 9. Ne2 e6 10. Bd6 Bxd6 11. Rxd6 Rd8 12. Rxd8+ Kxd8 13. c3 Kc7 14. h3 Bxe2 15. Kxe2 Ne5 16. Bb5 Rd8 17. Rd1 Rxd1 18. Kxd1 a6 19. Be2 Kc6 20. b4 f5 21. Kd2 g5 22. c4 Nd7 23. Bd1 Nf6 24. Kc3 e5 25.
Ba4+ Kc7 26. b5 a5 27. Bd1 Nd7 28. c6 bxc6 29. Bh5 Nf6 30. Bf7 Kb6 31. a4 f4 32.
Be6 h5 33. Bf5 Kc5 34. Bg6 h4 35. Bf5 f3 36. gxf3 exf3 37. Kd3 g4 38. Ke3 e4 39. Be6 g3 40. fxg3 hxg3 41. h4 g2 42. Kf2 e3+ 43. Kg1 e2 44. Kf2 e1=Q+ 45. Kxe1 g1=Q+ 0-1

[Event "Late-Titled-Tuesday-Blitz-February-27-2024"]
[Site "Chess.com"]
[Date "2024.02.27"]
[Round "2"]
[White "zajka-molotok"]
[Black "northridgehawk"]
[Result "1-0"]
[WhiteElo "2509"]
[BlackElo "2269"]
[TimeControl "180+1"]
[EndTime "14:17:37 PST"]
[Termination "zajka-molotok won by resignation"]

1. e4 e5 2. Nf3 Nc6 3. Bc4 Nf6 4.
d3 Bc5 5. c3 d6 6. O-O O-O 7.
Bg5 h6 8. Bh4 g5 9. Nxg5 hxg5 10. Bxg5 Kg7 11. Qf3 Rg8 12. Qg3 Kf8 13. Qh4 Rg6 14.
Kh1 Kg7 15. f4 exf4 16. d4 Nxd4 17. cxd4 Bxd4 18. Nc3 Be6 19. e5 Bxe5 20. Bd3 Qh8 21. Bxg6 Qxh4 22. Bxh4 Kxg6 23. Ne2 Nd5 24. Rae1 Rh8 25.
Bf2 f3 26. gxf3 Bxh2 27. Bd4 Bg3+ 28. Bxh8 Bxe1 29. Rxe1 f6 30. Rg1+ Kh7 31. Bg7 Bd7 32. Nc3 Nb4 33. Bxf6 Bc6 34. Rg7+ Kh6 35. Rxc7 Bxf3+ 36. Kg1 Nd3 37. Nb5 Kg6 38. Bc3 d5 39. Nd4 Be4 40. Rxb7 a5 41. Ra7 Kg5 42. Rxa5 Kf4 43. Ra7 Ke3 44. a4 Nf4 45. a5 Nh3+ 46. Kh2 Nf2 47.
a6 Kf4 48. Rf7+ Ke3 49. Rxf2 Kxf2 50. a7 Ke3 51. a8=Q Kd3 52. Qa6+ Ke3 53. Qe2+ Kf4 54. Qf2+ Ke5 55. Nb5+ 1-0

[Event "Late-Titled-Tuesday-Blitz-February-27-2024"]
[Site "Chess.com"]
[Date "2024.02.27"]
[Round "2"]
[White "dosto07"]
[Black "GoValya"]
[Result "1-0"]
[WhiteElo "2506"]
[BlackElo "2262"]
[TimeControl "180+1"]
[EndTime "14:17:37 PST"]
[Termination "dosto07 won on time"]

1. e4 e6 2. d4 d5 3. Nd2 Nf6 4. e5 Nfd7 5. Bd3 c5 6. c3 Nc6 7.
Ne2 cxd4 8. cxd4 f6 9. exf6 Nxf6 10. Nf3 Bd6 11. Bf4 O-O 12. O-O a6 13. Qd2 Qe7 14.
Bxd6 Qxd6 15. Rac1 Bd7 16. Qf4 Qb4 17. Qd2 Qd6 18.
a3 Ng4 19. h3 Rxf3 20. hxg4 Rff8 21. f4 Qe7 22. g5 Rf7 23. Qe3 Raf8 24. Rf3 g6 25.
Rcf1 Qd6 26. Kh1 Na5 27. Ng1 b5 28. R3f2 Nc6 29. g3 Ne7 30. Nf3 Nf5 31. Bxf5 Rxf5 32. Ne5 Kg7 33. Qc3 Rc8 34. Qd3 Be8 35. Rc2 Rxc2 36. Qxc2 b4 37. Rc1 bxa3 38. Qc7+ Qxc7 39. Rxc7+ Bf7 40. bxa3 Kf8 41. Kg2 Be8 42. Kf3 Bb5 43. g4 Rxe5 44. fxe5 Bc4 45. a4 Bb3 46. a5 Bc4 47. Ke3 Kg8 48. Rc6 Kf7 49. Rc7+ Kg8 50. Kd2 Bb5 51. Kc3 Kh8 52. Kb4 Be2 53. Rc6 Bxg4 54.
Rxa6 Bf5 55. Ra7 Bd3 56. Kc5 h6 57. gxh6 g5 58. Rg7 1-0